 Dungeon Crawl Stone Soup version 0.24-a0-408-gcc1054c7ca (webtiles) character file.

Game seed: 11332841605540380871

7 emperorscorpion the Skirmisher (level 1, -4/27 HPs)
             Began as a Demonspawn Berserker on June 5, 2019.
             Was a Follower of Trog.
             Slain by a worker ant (5 damage)
             ... on level 4 of the Dungeon.
             The game lasted 00:01:23 (190 turns).

emperorscorpion the Skirmisher (DsBe)                Turns: 190, Time: 00:01:24

Health: -4/27      AC:  4    Str: 22    XL:     1   Next: 91%
Magic:  1/1        EV: 12    Int:  8    God:    Trog [*.....]
Gold:   12         SH:  0    Dex: 12    Spells: 0/0 levels left

rFire    . . .     SeeInvis .   a - +0 hand axe
rCold    . . .     Gourm    .   (no shield)
rNeg     . . .     Faith    .   f - +0 leather armour (curse)
rPois    .         Spirit   .   (no helmet)
rElec    .         Reflect  .   (no cloak)
rCorr    .         Harm     .   (no gloves)
MR       .....                  e - +0 pair of boots {Fly}
Stlth    ..........             (no amulet)
HPRegen  0.09/turn              (no ring)
MPRegen  0.07/turn              (no ring)

@: berserking, flying, very quick
A: no striking features
a: Berserk, Renounce Religion, Stop Flying


You were on level 4 of the Dungeon.
You worshipped Trog.
Trog was aware of your devotion.
You were not hungry.

You visited 1 branch of the dungeon, and saw 4 of its levels.

You collected 12 gold pieces.

Inventory:

Hand Weapons
 a - a +0 hand axe (weapon)
Armour
 b - a +0 animal skin
 e - a +0 pair of boots of flying (worn)
 f - a cursed +0 leather armour (worn)
Scrolls
 d - a scroll of identify {unknown}
 g - a scroll of remove curse {unknown}
Potions
 h - a potion of degeneration {unknown}
Comestibles
 c - a ration


   Skills:
 + Level 3.2 Fighting
 + Level 2.9 Axes
 + Level 1.8 Armour
 + Level 1.8 Dodging


You couldn't memorise any spells.
You didn't know any spells.
Your spell library was empty.

Dungeon Overview and Level Annotations

Branches:
Dungeon (4/15)
 Temple: D:4-7

Altars:
Okawaru


Message History

The worker ant twitches its antennae in your direction.
A red film seems to cover your vision as you go berserk!
You feel yourself moving faster!
You feel mighty!
You feel quite a bit more hungry. The worker ant bites you.
Unknown command.
You are too injured to fight recklessly!
Unknown command.
You hit the worker ant.
The worker ant is lightly wounded.
The worker ant bites you.
* * * LOW HITPOINT WARNING * * *
You closely miss the worker ant.
The worker ant is lightly wounded.
You hit the slave. The worker ant barely misses you.
You hit the worker ant.
The worker ant is moderately wounded.
You hit the slave. The slave hits you!
* * * LOW HITPOINT WARNING * * *
The worker ant bites you.
You die...

##### ...#
#.############
######(........p<..
#.@ppp....#####....
#a######### #..#.
... #.... #.##
#p... #. #...♣ .
#pp♣. # ....♣


You could see 3 slaves and a worker ant.

Vanquished Creatures
  3 bats
  2 hobgoblins (D:1)
  A frilled lizard (D:2)
  A kobold (D:1)
7 creatures vanquished.

Notes
Turn   | Place    | Note
-------+----------+-------------------------------------------
     0 | D:1      | emperorscorpion the Demonspawn Berserker began the quest
                  | for the Orb.
     0 | D:1      | Reached XP level 1. HP: 18/18 MP: 1/1
   163 | D:3      | Found a faded altar of an unknown god.
   171 | D:4      | Found an iron altar of Okawaru.
   171 | D:4      | Noticed a slave
   171 | D:4      | Noticed a slave
   171 | D:4      | Noticed a slave
   185 | D:4      | Noticed a worker ant
   190 | D:4      | HP: 1/27 [slave[Pikel] (7)]
   190 | D:4      | Slain by a worker ant

Levels and vault maps discovered:
D:1:      erik_arrival_triangle_large, layout_basic
D:2:      layout_loops_ring, grunt_dithmenos_smoke,
          chequers_serial_rivers_small_b
D:3:      layout_basic, lemuel_coloured_pillars_altar,
          chequers_ecumenical_altar_island
D:4:      layout_loops_ring, first_ration, okawaru_trees_2, uniq_blork_the_orc,
          uniq_menkaure, uniq_pikel, uniq_ijyb

Action                   || total
-------------------------++-------
Melee: Hand axe          ||    28
Invok: Berserk           ||     2
Armor: Animal skin       ||     6
       Leather armour    ||     5
Dodge: Dodged            ||    18

Table legend:
 A = Non-vault XP
 B = Vault XP
 C = Vault XP percentage of total XP
 D = Non-vault monster count
 E = Vault monster count
 F = Vault count percentage of total count
                 A         B        C        D         E       F
            +---------+---------+-------+---------+---------+-------
      Total |      11 |       0 |   0.0 |       7 |       0 |   0.0
            +---------+---------+-------+---------+---------+-------
        D:1 |       7 |       0 |   0.0 |       4 |       0 |   0.0
        D:2 |       1 |       0 |   0.0 |       1 |       0 |   0.0
        D:3 |       3 |       0 |   0.0 |       2 |       0 |   0.0
            +---------+---------+-------+---------+---------+-------
